AoeStats
← 1847373944

Nomad

508171219Analyzed
4v4 RM · 12d ago on Sep 21, 2026· 53m 40s· 8 players
Game mode
Random Map
Map size
231×231
Population
200
Speed
Normal
Resources
Standard
Victory
Conquest
Starting age
Dark Age
Ending age
Imperial Age
RankedLock teamsTeams togetherTeam positionsShared explorationLock speedFull tech treeHidden civsTurbo modeCheats
Victory
Defeat
🇦🇷 Vietnamese · Argentina
1153
+11
🇹🇼 Berbers · Taiwan
1140
+11
🇨🇳 Poles · China
1104
+13
🇨🇳 Huns · China
1095
+13
🇦🇺 Mongols · Australia
1101
-15
🇮🇳 Wu · India
1041
-12
🇨🇳 Dravidians · China
998
-11
🇲🇽 Byzantines · Mexico
993
-10
南门
3:04 Loom
15:19 Feudal Age
16:09 Town Watch
17:02 Wheelbarrow
16:15 Double-Bit Axe
16:11 Horse Collar
22:25 Castle Age
20:45 Stone Mining
22:31 Gold Mining
23:22 Hand Cart
24:28 Fletching
26:48 Heavy Plow
31:40 Bow Saw
38:15 Imperial Age
36:54 Stone Shaft Mining
37:39 Fervor
38:31 Bloodlines
38:22 Husbandry
38:32 Scale Barding Armor
38:38 Forging
40:07 Crop Rotation
39:06 Light Cavalry
41:03 Chain Barding Armor
41:19 Iron Casting
41:13 Lechitic Legacy
41:14 Conscription
42:30 Winged Hussar
45:18 Blast Furnace
52:14 Scale Mail Armor
52:14 Padded Archer Armor
52:10 Bodkin Arrow
54:35 Chemistry
53:56 Ballistics
53:17 Treadmill Crane
53:48 Masonry
53:43 Siege Engineers
53:34 Murder Holes
1847373944
4:06 Loom
14:34 Feudal Age
21:05 Castle Age
20:13 Fishing Lines
20:23 Double-Bit Axe
20:37 Fletching
20:48 Padded Archer Armor
25:24 Gold Mining
28:55 Bow Saw
38:09 Husbandry
38:21 Bloodlines
41:15 Wheelbarrow
42:06 Gold Shaft Mining
42:23 Hand Cart
46:08 Marauders
46:22 Bodkin Arrow
46:42 Leather Archer Armor
46:41 Forging
46:36 Scale Barding Armor
49:56 Iron Casting
49:15 Horse Collar
51:46 Chain Barding Armor
0420David
6:04 Loom
14:44 Feudal Age
15:12 Double-Bit Axe
19:28 Castle Age
20:51 Bow Saw
21:57 Forging
22:09 Medium Warships
22:59 Gold Mining
24:04 Iron Casting
23:37 Fishing Lines
23:55 Horse Collar
25:37 Gillnets
25:52 Fletching
27:59 Thumb Ring
28:02 Bodkin Arrow
28:07 Padded Archer Armor
28:14 Town Watch
29:32 Wheelbarrow
29:41 Padded Archer Armor
30:23 Ballistics
31:33 Leather Archer Armor
31:51 Husbandry
32:01 Bloodlines
33:18 Hand Cart
33:04 Town Patrol
36:44 Imperial Age
34:54 Heavy Plow
35:58 Gold Shaft Mining
35:13 Stone Mining
35:30 Murder Holes
36:31 Kasbah
37:21 Scale Barding Armor
38:25 Chemistry
38:22 Conscription
38:21 Squires
38:30 Elite Camel Archer
39:15 Bracer
39:45 Ring Archer Armor
39:40 Heavy Camel Rider
41:13 Siege Engineers
42:10 Chain Barding Armor
45:02 Blast Furnace
44:54 Maghrebi Camels
47:25 Plate Barding Armor
47:20 Ring Archer Armor
48:46 Ring Archer Armor
ihhn0t
11:45 Loom
14:19 Feudal Age
14:46 Fishing Lines
16:13 Double-Bit Axe
20:42 Forging
24:04 Castle Age
22:01 Gold Mining
24:10 Stone Mining
24:04 Horse Collar
24:55 Medium Warships
24:48 Fletching
25:36 Iron Casting
25:29 Gillnets
29:31 Fletching
30:20 Bodkin Arrow
30:54 Padded Archer Armor
32:47 Squires
33:11 Ballistics
33:01 Heavy Plow
33:40 Wheelbarrow
33:42 Leather Archer Armor
34:57 Scale Mail Armor
35:10 Town Watch
37:49 Stone Shaft Mining
37:34 Hand Cart
40:22 Imperial Age
38:01 Town Patrol
39:54 Chain Mail Armor
40:24 Arson
42:12 Chemistry
40:50 Elite Fire Lancer
43:19 Bracer
47:05 Coinage
47:40 Paper Money
47:58 Elite Rattan Archer
50:27 Ring Archer Armor
50:54 Hoardings
6691205
14:05 Feudal Age
12:46 Loom
14:58 Fishing Lines
15:33 Double-Bit Axe
16:59 Wheelbarrow
16:43 Gold Mining
20:11 Castle Age
18:10 Stone Mining
18:50 Fletching
19:01 Padded Archer Armor
20:04 Town Watch
21:41 Thumb Ring
22:04 Leather Archer Armor
22:24 Gillnets
22:56 Bodkin Arrow
27:56 Hand Cart
33:03 Elite Skirmisher
36:15 Bow Saw
36:41 Horse Collar
41:09 Imperial Age
39:53 Ballistics
39:44 Masonry
40:08 Medical Corps
41:28 Heavy Plow
42:24 Conscription
43:45 Ring Archer Armor
43:18 Bracer
52:18 Scale Mail Armor
52:28 Forging
nchan55
7:31 Loom
14:43 Feudal Age
19:12 Castle Age
17:21 Scale Mail Armor
17:32 Forging
24:00 Medium Warships
34:35 Double-Bit Axe
35:39 Horse Collar
38:15 Wheelbarrow
39:28 Bow Saw
39:22 Heavy Plow
39:36 Fletching
41:02 Ballistics
40:57 Gold Mining
40:59 Stone Mining
43:30 Bodkin Arrow
46:14 Imperial Age
43:31 Town Watch
44:03 Hand Cart
49:43 Squires
50:02 Chain Mail Armor
50:23 Iron Casting
JebusLorenzo
11:21 Loom
13:50 Feudal Age
18:40 Castle Age
18:33 Fletching
21:56 Crossbowman
29:49 Horse Collar
31:33 Double-Bit Axe
33:16 Elite Skirmisher
34:54 Gold Mining
34:55 Stone Mining
36:40 Wheelbarrow
37:11 Bow Saw
37:05 Heavy Plow
41:30 Imperial Age
39:17 Scale Barding Armor
40:51 Husbandry
41:01 Bloodlines
41:52 Hand Cart
44:03 Chemistry
43:24 Ballistics
43:27 Chain Barding Armor
43:17 Forging
43:03 Bodkin Arrow
42:44 Elite Steppe Lancer
42:47 Heavy Camel Rider
47:03 Iron Casting
46:29 Bracer
46:30 Padded Archer Armor
52:14 Blast Furnace
Eli Correa 3950
9:17 Loom
15:50 Feudal Age
17:10 Wheelbarrow
16:23 Double-Bit Axe
23:45 Castle Age
22:18 Horse Collar
24:42 Hand Cart
26:01 Bow Saw
29:10 Scale Barding Armor
29:16 Forging
32:18 Husbandry
35:15 Heavy Plow
36:07 Iron Casting
39:15 Imperial Age
37:50 Chain Barding Armor
39:18 Cavalier
40:23 Conscription
40:00 Gold Mining
40:49 Plate Barding Armor
41:17 Two-Man Saw
40:53 Crop Rotation
41:04 Paladin
43:50 Fletching
44:01 Padded Archer Armor
43:49 Crossbowman
44:33 Arbalester
45:19 Thumb Ring
46:26 Ballistics
47:07 Chemistry
46:24 Bodkin Arrow
46:44 Leather Archer Armor
48:29 Gold Shaft Mining
Connection lost

Rejoining the realm…

Still unreachable

The connection could not be restored.

Session expired

The server has moved on; the page needs a fresh start.